 Dungeon Crawl Stone Soup version 0.30.0-10-gfe55d96785 (webtiles) character file.

Game seed: 16953816247995400354

2394 AlmostDecent the Skirmisher (level 9, -3/54 HPs)
             Began as a Gargoyle Hunter on May 15, 2023.
             Was a Believer of Okawaru.
             Slain by an orc warrior
             ... wielding a +0 glaive
              (10 damage)
             ... on level 7 of the Dungeon.
             The game lasted 00:16:36 (5887 turns).

AlmostDecent the Skirmisher (Gargoyle Hunter)       Turns: 5887, Time: 00:16:37

Health: -3/54      AC: 13    Str: 14    XL:     9   Next: 46%
Magic:  7/9        EV: 16    Int: 11    God:    Okawaru [**....]
Gold:   350        SH:  0    Dex: 17    Spells: 8/8 levels left

rFire   . . .        a - +0 shortbow
rCold   . . .        (shield currently unavailable)
rNeg    + . .        c - +0 leather armour
rPois   ∞            (no helmet)
rElec   +            o - scarf {+Inv}
rCorr   .            (no gloves)
SInv    .            q - +2 pair of boots
Will    .....        (no amulet)
Stlth   +++          (no ring)
HPRegen 0.29/turn    (no ring)
MPRegen 0.11/turn

%: no passive effects
@: heroic
A: sickness immunity, AC +6, negative energy resistance 1, electricity
resistance, torment resistance 1, petrification resistance
a: Renounce Religion, Evoke Invisibility, Heroism


You were on level 7 of the Dungeon.
You worshipped Okawaru.
Okawaru was pleased with you.
You visited 2 branches of the dungeon, and saw 8 of its levels.

You collected 350 gold pieces.

Inventory:

Hand Weapons
 a - a +0 shortbow (weapon)
 g - a +0 whip of flaming
 i - a +0 falchion
Armour
 c - a +0 leather armour (worn)
 o - a scarf of invisibility (worn)
 q - a +2 pair of boots (worn)
Jewellery
 h - a +6 ring of strength
 k - a ring of willpower
Wands
 p - a wand of paralysis (13)
 s - a wand of digging (6)
Scrolls
 b - 2 scrolls of immolation
 j - a scroll of enchant armour
 l - 3 scrolls of enchant weapon
Potions
 d - a potion of lignification
 e - 2 potions of flight {unknown}
 m - 2 potions of resistance {unknown}
 n - a potion of degeneration {unknown}
 r - a potion of brilliance {unknown}


   Skills:
 + Level 5.1(10.1) Fighting
 + Level 1.7(6.7) Long Blades
 * Level 11.2(16.2) Ranged Weapons
 + Level 2.7(7.7) Armour
 + Level 3.1(8.1) Dodging
 + Level 1.8(6.8) Stealth
 + Level 0.1 Invocations


You had 8 spell levels left.
You didn't know any spells.
Your spell library contained the following spells:

 Spells                   Type           Power      Damage    Failure   Level
 Poisonous Vapours        Pois/Air       0%         N/A       54%         2
 Mephitic Cloud           Conj/Pois/Air  0%         N/A       77%         3
 Passage of Golubria      Tloc           0%         N/A       99%         4
 Freezing Cloud           Conj/Ice/Air   0%         6-21      100%        5
 Silence                  Hex/Air        0%         N/A       100%        5
 Yara's Violent Unravell  Hex/Tmut       0%         3d3       100%        5
 Lehudib's Crystal Spear  Conj/Erth      0%         10d2      100%        8
 Tukima's Dance           Hex            Unusable   N/A       N/A         3

Dungeon Overview and Level Annotations

Branches:
Dungeon (7/15)             Temple (1/1) D:4

Altars:
Cheibriados
Dithmenos
Elyvilon
Fedhas
Gozag
Hepliaklqana
Makhleb
Nemelex Xobeh
Okawaru
Qazlal
Trog
Uskayaw
Vehumet
Wu Jian
Yredelemnul
Zin
The Shining One

Shops:
D:1 [   D:7 (


Innate Abilities, Weirdness & Mutations

You are immune to sickness and miasma.
Your stone body is resilient. (AC +6)
You are immune to poison.
You resist negative energy. (rN+)
You are resistant to electric shocks. (rElec)
You are resistant to unholy torment.
You are immune to petrification.


Message History

Aim: an orc warrior, wielding a +0 glaive and wearing a +0 chain mail (severely wounded, 64% to hit)
You shoot an arrow.
The arrow hits the orc warrior but does no damage.
The orc warrior is severely wounded.
The orc warrior hits you from afar with a +0 glaive.
* * * LOW HITPOINT WARNING * * *
You gain the combat prowess of a mighty hero.
The orc warrior hits you from afar with a +0 glaive.
* * * LOW HITPOINT WARNING * * *
Fire: a) +0 shortbow
Press: ? - help, Q - select action, (/) - cycle Shift-Dir - straight line, f/p - orc warrior
Aim: an orc warrior, wielding a +0 glaive and wearing a +0 chain mail (severely wounded, 70% to hit)
You shoot an arrow.
The arrow hits the orc warrior but does no damage.
The orc warrior is severely wounded.
Fire: a) +0 shortbow
Press: ? - help, Q - select action, (/) - cycle Shift-Dir - straight line, f/p - orc warrior
Aim: an orc warrior, wielding a +0 glaive and wearing a +0 chain mail (severely wounded, 70% to hit)
You shoot an arrow.
The arrow hits the orc warrior but does no damage.
The orc warrior is severely wounded.
The orc warrior hits you from afar with a +0 glaive!
* * * LOW HITPOINT WARNING * * *
Fire: a) +0 shortbow
Press: ? - help, Q - select action, (/) - cycle Shift-Dir - straight line, f/p - orc warrior
Aim: an orc warrior, wielding a +0 glaive and wearing a +0 chain mail (severely wounded, 70% to hit)
You shoot an arrow.
The arrow barely misses the orc warrior.
The orc warrior closely misses you.
Okay, then.
Okay, then.
Okay, then.
Fire: a) +0 shortbow
Press: ? - help, Q - select action, (/) - cycle Shift-Dir - straight line, f/p - orc warrior
Aim: an orc warrior, wielding a +0 glaive and wearing a +0 chain mail (severely wounded, 70% to hit)
You shoot an arrow.
The arrow hits the orc warrior but does no damage.
The orc warrior is severely wounded.
The orc warrior hits you from afar with a +0 glaive!
You die...

#.# .... #.. ....#..
###..# .......
....###.......
#....#....... .###
##............ ....
#.............
...###.#.<@........
#.........|.......
#.....8o∩.8.......
########.........#.......
....§§§§.....#.>.###....#
#.§o§####..#...## #....
#..##oo§.........###.#..
)......§§..)#.#.......# .
..#.##.........#...####


You could see an orc warrior.

Vanquished Creatures
  Pikel (D:5)
  Prince Ribbit (D:5)
  5 humans (D:6)
  A sky beast (D:4)
  2 ogres
  A lemure (D:5)
  2 phantoms
  2 scorpions
  A howler monkey (D:4)
  5 orc priests
  3 hounds (D:5)
  3 iguanas
  An orc wizard (D:6)
  3 adders
  A shadow imp (D:7)
  2 white imps
  An ufetubus (D:4)
  A worm (D:3)
  A dart slug (D:1)
  15 orcs
  5 ball pythons
  10 endoplasms
  3 giant cockroaches
  6 goblins
  14 hobgoblins
  2 jackals (D:1)
  3 quokkas
  6 bats
  4 frilled lizards
  5 kobolds
  6 rats
116 creatures vanquished.

Vanquished Creatures (others)
  An orc wizard (D:7)
1 creature vanquished.

Grand Total: 117 creatures vanquished

Notes
Turn   | Place    | Note
-------+----------+-------------------------------------------
     0 | D:1      | AlmostDecent the Gargoyle Hunter began the quest for the
                  | Orb.
     0 | D:1      | Reached XP level 1. HP: 12/12 MP: 1/1
    86 | D:1      | Reached XP level 2. HP: 17/17 MP: 2/2
   204 | D:1      | Found Ucaexao's Antique Armour Shoppe.
   318 | D:1      | Reached XP level 3. HP: 22/22 MP: 3/3
   765 | D:2      | Reached skill level 5 in Ranged Weapons
   855 | D:2      | Found a faded altar of an unknown god.
  1305 | D:3      | Reached XP level 4. HP: 27/27 MP: 4/4
  1377 | D:3      | Found a glowing silver altar of Zin.
  1729 | D:3      | Reached XP level 5. HP: 31/31 MP: 5/5
  1965 | D:4      | Noticed a sky beast
  2088 | D:4      | Killed a sky beast
  2089 | D:4      | Reached skill level 6 in Ranged Weapons
  2128 | D:4      | Noticed an ogre
  2134 | D:4      | Reached skill level 1 in Armour
  2134 | D:4      | Reached XP level 6. HP: 32/36 MP: 6/6
  2141 | D:4      | Reached skill level 7 in Ranged Weapons
  2315 | D:4      | Reached XP level 7. HP: 37/41 MP: 7/7
  2461 | D:4      | Found a staircase to the Ecumenical Temple.
  2477 | D:4      | Reached skill level 8 in Ranged Weapons
  2490 | Temple   | Entered the Ecumenical Temple
  2708 | Temple   | Became a worshipper of Warmaster Okawaru
  3076 | D:4      | Found a blossoming altar of Fedhas.
  3324 | D:5      | Entered Level 5 of the Dungeon
  3497 | D:5      | Noticed Pikel
  3517 | D:5      | HP: 2/41 [Pikel/+0 whip of flaming (2)]
  3527 | D:5      | Killed Pikel
  3527 | D:5      | Reached * piety under Okawaru
  3528 | D:5      | Reached skill level 9 in Ranged Weapons
  3528 | D:5      | Reached XP level 8. HP: 18/48 MP: 8/8
  3843 | D:5      | Noticed Prince Ribbit
  3870 | D:5      | Killed Prince Ribbit
  4042 | D:5      | Found a basalt altar of Yredelemnul.
  4221 | D:6      | Reached skill level 10 in Ranged Weapons
  4671 | D:6      | Reached ** piety under Okawaru
  4764 | D:6      | Reached skill level 1 in Long Blades
  4764 | D:6      | Reached XP level 9. HP: 32/52 MP: 9/9
  5151 | D:6      | Reached skill level 11 in Ranged Weapons
  5510 | D:7      | Found Mejuqoji's Antique Weapon Emporium.
  5538 | D:7      | Reached skill level 5 in Fighting
  5887 | D:7      | Slain by an orc warrior

Illustrated notes

Levels and vault maps discovered:
D:1:      dpeg_arrival_morbid_curiosity, layout_basic, serial_shops,
          nicolae_lakefront_shop, serial_bayou_pond_a, minmay_small_reverse_x
D:2:      layout_rooms, hellmonk_ecumenical_altar_leap_of_faith,
          serial_park_tiny_pond, due_unseen_surprise
D:3:      layout_loops_ring, zin_academy
D:4:      nicolae_BIG_FREAKIN_CUBE, layout_basic, mainiacjoe_overflow_chevrons,
          minmay_temple_entry_gardened_gates, minmay_misc_feat_tiny
D:5:      layout_gridville, mainiacjoe_overflow_cross_hatched, uniq_pikel,
          uniq_prince_ribbit1
D:6:      layout_basic, minmay_ruffians
D:7:      layout_rooms, minmay_misc_feat_ornament, nicolae_stop_n_shop_2
Temple:   nicolae_temple_superstar

Skill      XL: |  1  2  3  4  5  6  7  8  9 |
---------------+----------------------------+-----
Ranged Weapons | 5 6 7 9 10 11 | 11.2
Armour         | 1 2 |  2.7
Fighting       | 3 4 5 |  5.1
Dodging        | 2 3 |  3.1
Long Blades    | 1 |  1.7
Stealth        | |  1.8
Invocations    | |  0.1

Action                     |  1- 3 |  4- 6 |  7- 9 || total
---------------------------+-------+-------+-------++-------
  Melee: Falchion          |       |       |    27 ||    27
   Fire: Shortbow          |   121 |    92 |   327 ||   540
 Invoke: Heroism           |       |       |     6 ||     6
    Use: Scroll            |       |     3 |    13 ||    16
         Potion            |       |     1 |     4 ||     5
 Armour: Leather armour    |    12 |    14 |   110 ||   136
  Dodge: Dodged            |    24 |    25 |   153 ||   202
